 Dungeon Sprint DCSS version 0.26-a0-757-g626ac9e51a (webtiles) character file.

Game seed: 9484650989656670827

1763 rocky1 the Spear-Bearer (level 9, -3/75 HPs)
             Began as a Merfolk Ice Elementalist on Nov 8, 2020.
             Was a High Priest of Sif Muna.
             Slain by a swamp dragon (5 damage)
             ... called by a spriggan druid
             ... in the Dungeon (Sprint VII: "The Pits").
             The game lasted 00:08:10 (1367 turns).

rocky1 the Spear-Bearer (Merfolk Ice Elementalist)  Turns: 1367, Time: 00:08:11

Health: -3/75      AC:  9    Str:  8    XL:     9   Next: 7%
Magic:  9/20       EV: 19    Int: 17    God:    Sif Muna [*****.]
Gold:   0          SH:  0    Dex: 15    Spells: 16/23 levels left

rFire    . . .     SeeInvis .   m - +1 trident (vorpal)
rCold    . . .     Faith    .   (no shield)
rNeg     . . .     Spirit   .   a - +0 robe
rPois    .         Reflect  .   (no helmet)
rElec    .         Harm     .   (no cloak)
rCorr    .         Rampage  .   (no gloves)
MR       .....     NoTele   +   (no boots)
Stlth    ++........             (no amulet)
HPRegen  0.22/turn              (no ring)
MPRegen  0.17/turn              (no ring)

@: lethally poisoned (-3 -> -9), icy armour
A: change form in water, swift swim, stealthy swim
a: Channel Magic, Forget Spell, Divine Exegesis, Renounce Religion


You were in the Dungeon.
You worshipped Sif Muna.
Sif Muna was extremely pleased with you.
You visited 1 branch

Inventory:

Hand Weapons
 m - a +1 vorpal trident (weapon)
Armour
 a - a +0 robe (worn)
Scrolls
 h - a scroll of blinking
 j - 3 scrolls of remove curse
 k - 5 scrolls of amnesia
 l - a scroll of summoning
Potions
 c - 5 potions of curing
 d - 4 potions of heal wounds
 e - a potion of haste
 f - 4 potions of magic
 g - 2 potions of berserk rage
 i - 2 potions of invisibility


   Skills:
 + Level 8.8 Fighting
 + Level 11.1 Polearms
 + Level 10.5 Dodging
 - Level 2.1 Stealth
 + Level 7.7 Spellcasting
 + Level 10.6 Ice Magic
 + Level 8.6 Invocations


You had 16 spell levels left.
You knew the following spells:

 Your Spells              Type           Power        Failure   Level
a - Freeze                Ice            ####         1%          1
b - Frozen Ramparts       Ice            #####.       1%          3
c - Ozocubu's Armour      Ice            #####...     1%          3

Your spell library contained the following spells:

 Spells                   Type           Power        Failure   Level
 Foxfire                  Conj/Fire      #...         11%         1
 Hailstorm                Conj/Ice       ###.....     12%         4
 Summon Ice Beast         Ice/Summ       ###.....     12%         4
 Summon Guardian Golem    Hex/Summ       #.......     32%         3
 Metabolic Englaciation   Hex/Ice        ###.......   34%         5
 Orb of Destruction       Conj           #.........   100%        7


Dungeon Overview and Level Annotations

Branches:
Dungeon (1/1)

Altars:
Ashenzari
Cheibriados
Dithmenos
Elyvilon
Fedhas
Gozag
Hepliaklqana
Kikubaaqudgha
Makhleb
Nemelex Xobeh
Okawaru
Qazlal
Ru
Sif Muna
Trog
Uskayaw
Vehumet
Wu Jian
Xom
Yredelemnul
Zin
The Shining One
Beogh
Jiyva
Lugonu


Message History

Confirm with . or Enter, or press ? or * to list all spells.
You cannot sustain more frozen ramparts right now.
Unknown command.
You hit the swamp dragon.
The swamp dragon is severely wounded.
You are engulfed in poison gas.
You are more poisoned.
* * * LOW HITPOINT WARNING * * *
The frozen ramparts melt away.
* * * LOW HITPOINT WARNING * * *
You feel very sick. The swamp dragon closely misses you.
The swamp dragon misses you. The swamp dragon tramples you!
* * * LOW HITPOINT WARNING * * *
You stumble backwards!
You feel better.
You are engulfed in poison gas.
You are poisoned.
* * * LOW HITPOINT WARNING * * *
x2 You feel sick.
The swamp dragon bites you.
You die...

#.###'###))##.......#
#.#...).#))##.......#
#.#.....#..##.......#
#.####'##'###...<...#
#†#........##.......#
#†#........##.......#
#'###########.......#
#.......#°°##########
#.......#@# ###
#...#...#D# h..#
#..###..#☼#....#
#...#...#○'....+
#.......#†#○...#
#......)).#....#
########### ####


You could see a swamp dragon (strong, catching breath).

Vanquished Creatures
  A spriggan druid (D)
  A gargoyle (D)
  A warg (D)
  Duvessa (D)
  2 sky beasts (D)
  2 black bears (D)
  A centaur (D)
  Dowan (D)
  A killer bee (D)
  A crimson imp (D)
  A quasit (D)
  A jelly (D)
  A hell rat (D)
  2 adders (D)
  A gnoll (D)
  An ooze (D)
  An adder skeleton (D)
  A bat zombie (D)
  A hobgoblin (D)
  A kobold (D)
  A bat (D)
  A rat (D)
25 creatures vanquished.

Notes
Turn   | Place    | Note
-------+----------+-------------------------------------------
     0 | D        | rocky1 the Merfolk Ice Elementalist began the quest for the
                  | Orb.
     0 | D        | Reached XP level 1. HP: 13/13 MP: 3/3
    22 | D        | Reached XP level 2. HP: 19/19 MP: 0/5
    26 | D        | Found a bloodstained altar of Trog.
    26 | D        | Found a shimmering blue altar of Sif Muna.
    26 | D        | Found a viscous altar of Jiyva.
    26 | D        | Found a hazy altar of Hepliaklqana.
    26 | D        | Found an opulent altar of Gozag.
    27 | D        | Found a glowing golden altar of the Shining One.
    27 | D        | Found a glowing silver altar of Zin.
    27 | D        | Found a basalt altar of Yredelemnul.
    27 | D        | Found a shimmering altar of Xom.
    27 | D        | Found an ornate altar of the Wu Jian Council.
    27 | D        | Found a sacrificial altar of Ru.
    27 | D        | Found a stormy altar of Qazlal.
    27 | D        | Found an iron altar of Okawaru.
    27 | D        | Found a sparkling altar of Nemelex Xobeh.
    27 | D        | Found a burning altar of Makhleb.
    27 | D        | Found a blossoming altar of Fedhas.
    27 | D        | Found a white marble altar of Elyvilon.
    27 | D        | Found a shadowy altar of Dithmenos.
    27 | D        | Found a snail-covered altar of Cheibriados.
    29 | D        | Found a radiant altar of Vehumet.
    29 | D        | Found a corrupted altar of Lugonu.
    29 | D        | Found a roughly hewn altar of Beogh.
    30 | D        | Found a hide-covered altar of Uskayaw.
    30 | D        | Found an ancient bone altar of Kikubaaqudgha.
    30 | D        | Found a broken altar of Ashenzari.
    34 | D        | Became a worshipper of Sif Muna the Loreminder
    84 | D        | Reached skill level 1 in Polearms
   201 | D        | Reached * piety under Sif Muna
   206 | D        | Reached skill level 1 in Fighting
   206 | D        | Reached skill level 2 in Polearms
   206 | D        | Reached skill level 1 in Invocations
   206 | D        | Reached XP level 3. HP: 13/26 MP: 1/6
   383 | D        | Reached skill level 3 in Polearms
   383 | D        | Reached XP level 4. HP: 34/34 MP: 6/8
   429 | D        | Reached ** piety under Sif Muna
   621 | D        | Learned a level 3 spell: Frozen Ramparts
   625 | D        | Learned a level 3 spell: Ozocubu's Armour
   641 | D        | Noticed a sky beast
   642 | D        | Noticed a warg
   642 | D        | Noticed a black bear
   642 | D        | Noticed a sky beast
   657 | D        | Killed a warg
   657 | D        | Reached skill level 5 in Polearms
   657 | D        | Reached XP level 5. HP: 36/43 MP: 3/11
   657 | D        | Killed a sky beast
   657 | D        | Reached *** piety under Sif Muna
   657 | D        | Reached skill level 5 in Fighting
   657 | D        | Reached skill level 7 in Polearms
   657 | D        | Reached skill level 5 in Invocations
   657 | D        | Reached XP level 6. HP: 43/51 MP: 3/13
   659 | D        | Killed a black bear
   659 | D        | Reached skill level 5 in Spellcasting
   664 | D        | Killed a sky beast
   664 | D        | Reached skill level 8 in Polearms
   664 | D        | Reached XP level 7. HP: 50/58 MP: 0/15
   695 | D        | Reached **** piety under Sif Muna
  1156 | D        | Noticed Duvessa
  1156 | D        | Noticed Dowan
  1167 | D        | Killed Duvessa
  1167 | D        | Reached skill level 9 in Polearms
  1174 | D        | Killed Dowan
  1174 | D        | Reached ***** piety under Sif Muna
  1179 | D        | Identified Gonniph's Compendium of Attacks and Curses (Sif
                  | Muna gifted it to you in the Dungeon)
  1179 | D        | Received a gift from Sif Muna
  1343 | D        | Noticed a gargoyle
  1343 | D        | Noticed a spriggan druid
  1351 | D        | Reached XP level 8. HP: 56/67 MP: 10/17
  1353 | D        | Noticed a swamp dragon
  1357 | D        | Killed a spriggan druid
  1357 | D        | Reached skill level 10 in Polearms
  1357 | D        | Reached skill level 10 in Dodging
  1357 | D        | Reached skill level 10 in Ice Magic
  1358 | D        | Killed a gargoyle
  1358 | D        | Reached skill level 11 in Polearms
  1358 | D        | Reached XP level 9. HP: 51/75 MP: 8/20
  1366 | D        | HP: 3/75 [swamp dragon[a spriggan druid] (14)]
  1367 | D        | Slain by a swamp dragon

Illustrated notes

Levels and vault maps discovered:
D:        pitsprint [storerooms_1, entrance_room_1, metal_vault_6, armoury_2,
          mini_pit_1, grid_room_1, main_hall_1, silver_pit, the_coven_3,
          the_vestibule_1, steel_vault_4, golden_pit, hallway_of_sentries,
          crystal_vault_4, iron_vault_5, final_vault]

Skill      XL: |  1  2  3  4  5  6  7  8 |
---------------+-------------------------+-----
Ice Magic      | 6 7 8 9 10 | 10.6
Polearms       | 2 3 5 7 8 9 11 | 11.1
Dodging        | 3 4 6 7 9 10 | 10.5
Fighting       | 1 2 4 5 6 7 8 |  8.8
Invocations    | 1 2 4 5 6 7 8 |  8.6
Spellcasting   | 4 5 6 7 |  7.7
Stealth        | |  2.1

Action                   |  1- 3 |  4- 6 |  7- 9 || total
-------------------------+-------+-------+-------++-------
Melee: Trident           |    11 |    21 |    47 ||    79
 Cast: Freeze            |     8 |     2 |       ||    10
       Frozen Ramparts   |       |     2 |     7 ||     9
       Ozocubu's Armour  |       |     1 |     2 ||     3
  Use: Potion            |     1 |     1 |     2 ||     4
 Stab: Sleeping          |     2 |       |     1 ||     3
Armor: Robe              |     6 |     7 |     7 ||    20
Dodge: Dodged            |    21 |    16 |    40 ||    77

Table legend: (Time is in decaauts)
 A = Elapsed time spent in this place.
 B = Non-inter-level travel time spent in this place.
 C = Inter-level travel time spent in this place.
 D = Time resting spent in this place.
 E = Time spent auto-exploring this place.
 F = Levels seen in this place.
 G = Mean time per level.
                   A        B        C        D        E       F      G
               +--------+--------+--------+--------+--------+-----+--------+
         Total |   1369 |   1369 |      0 |   1054 |      0 |   1 | 1369.0 |
       Dungeon |   1369 |   1369 |      0 |   1054 |      0 |   1 | 1369.0 |
               +--------+--------+--------+--------+--------+-----+--------+

Top non-repeatable levels by time:
       D: 1369 daAuts
